Map: Acropolis LE

Players

Maxilicious - Winner!

  • Race: Terran Terran
  • League: Master
  • Spawn Location: 5:00

A.I. 1 (Very Easy)

  • Race: Protoss Protoss
  • Spawn Location: 11:00

VOD

Have the link to the VOD?

Description

Time

  • Played on: Aug. 5, 2019, 9:43 a.m.
  • Length: 7:04
Show
View Real Time Build Order
Export as new Build Order

Maxilicious Terran - Winner!

Build Orders: Hellion Opening 

Get SALT Encoding   

  12  0:01  SCV  
  13  0:13  SCV  
  14  0:17  Supply Depot  
  14  0:25  SCV  
  15  0:38  SCV  
  15  0:41  Barracks  
  16  0:45  Refinery  
  16  0:50  SCV  
  17  1:02  SCV  
  18  1:14  SCV  
  19  1:27  Orbital Command  
  19  1:29  Barracks Reactor  
  19  1:39  Command Center  
  19  1:51  Supply Depot  
  19  1:53  SCV  
  20  2:05  SCV  
  20  2:06  Barracks, Marine  
  22  2:09  Marine  
  23  2:19  SCV  
  23  2:21  Bunker  
  24  2:24  Marine  
  24  2:27  Marine  
  26  2:31  SCV  
  27  2:37  Barracks  
  27  2:43  SCV  
  28  2:45  Marine x2  
  28  2:50  Orbital Command  
  30  2:53  Barracks Tech Lab  
  30  2:56  SCV  
  31  3:11  Engineering Bay, SCV  
  32  3:12  Stimpack  
  32  3:13  Marine x2  
  32  3:14  Marine  
  32  3:18  SCV  
  36  3:23  Supply Depot  
  36  3:25  Barracks Reactor  
  36  3:27  SCV  
  37  3:35  Factory  
  37  3:37  Refinery, SCV  
  37  3:39  Marine  
  37  3:40  Marine  
  40  3:42  Marine  
  40  3:46  Supply Depot  
  42  3:48  SCV  
  42  3:53  Supply Depot  
  42  3:54  SCV  
  43  4:02  Marine x4, SCV  
  46  4:03  Marine  
  46  4:07  SCV  
  50  4:18  SCV  
  50  4:19  Starport  
  50  4:20  Factory Reactor, Marine x2  
  50  4:22  Terran Infantry Weapons Level 1  
  50  4:24  SCV  
  54  4:28  Refinery  
  54  4:31  Marine  
  54  4:32  Marine  
  54  4:34  Supply Depot, Marine  
  54  4:37  SCV  
  54  4:38  SCV  
  59  4:45  Marine x2  
  61  4:49  Marine, SCV  
  61  4:50  SCV  
  64  4:55  Marine x2  
  66  5:01  SCV  
  66  5:02  Marine, SCV  
  66  5:03  Medivac x2, Marine  
  66  5:06  Factory Tech Lab  
  74  5:11  Supply Depot, Refinery  
  74  5:13  SCV  
  75  5:14  SCV  
  75  5:15  Supply Depot  
  75  5:16  Combat Shield  
  75  5:18  Marine  
  75  5:19  Marine  
  78  5:32  Supply Depot, Marine x2  
  78  5:33  Marine, SCV x2  
  83  5:36  Medivac  
  83  5:37  Medivac  
  87  5:43  Marine x2  
  87  5:48  SCV x2  
  91  5:50  Marine  
  91  5:53  Marine  
  91  5:54  Supply Depot, Siege Tank, Marine  
  91  5:55  Supply Depot  
  97  6:01  SCV x2  
  99  6:05  Marine x2  
  99  6:10  Supply Depot  
  99  6:11  Supply Depot  
  101  6:14  Marine  
  101  6:15  Marine x2  
  104  6:19  Medivac x2  
  108  6:26  Marine x2  
  108  6:30  Siege Tank  
  108  6:32  Marine  
  114  6:36  Marine x2  
  114  6:38  SCV x2  
  118  6:44  Marine x2  
  121  6:59  Supply Depot  
  128  7:01  Supply Depot  
Show
View Real Time Build Order
Export as new Build Order

A.I. 1 (Very Easy) Protoss 

Build Orders:  

Get SALT Encoding   

  12  0:00  Probe  
  13  0:13  Probe  
  14  0:19  Pylon  
  14  0:37  Assimilator  
  14  0:43  Gateway  
  14  0:46  Pylon  
  14  1:15  Assimilator  
  14  1:24  Probe  
  14  1:25  Zealot  
  14  1:32  Probe  
  15  1:33  Cybernetics Core  
  18  1:42  Probe  
  19  1:54  Probe  
  19  1:59  Warp Gate  
  20  2:02  Probe  
  21  2:10  Probe  
  22  2:41  Stalker  
  24  6:27  Stalker  
  24  6:29  Pylon  
  20  6:36  Pylon  
Tags
 
Add a new tag
Caveats
  • Supply blocks, unpowered buildings, or Contaminate may cause inaccurate times.
  • Supply counts are checked every 10 seconds.